PCL
VANCOUVER VIPERS @ SAN JOSE MISSIONS
07/15/2026
 
TOP OF THE 1ST
Vancouver Vipers batting - Pitching for San Jose Missions : RHP José Reyes
Pitching: RHP José Reyes
Batting: RHB Lorenzo González 0-0: Ground out 5-3 (Groundball, 56S)
Batting: LHB Jeff Carter 0-0: Called Strike
0-1: Ground out U3 (Groundball, 3L)
Batting: RHB Sergio Pujols 0-0: Ball
1-0: Called Strike
1-1: Ball
2-1: Foul Ball, location: 2F
2-2: Ball
3-2: Ground out 1-3 (Groundball, 13S)
Top of the 1st over - 0 run(s), 0 hit(s), 0 error(s), 0 left on base; Vancouver 0 - San Jose 0
BOTTOM OF THE 1ST
San Jose Missions batting - Pitching for Vancouver Vipers : RHP Javier Toledo
Pitching: RHP Javier Toledo
Batting: LHB Mel Jones 0-0: Ball
1-0: Ground out 6-3 (Groundball, 6)
Batting: RHB Jorge Díaz 0-0: Ball
1-0: Ball
2-0: Ball
3-0: Called Strike
3-1: Ground out 3-1 (Groundball, 34)
Batting: RHB Ramón Ruíz 0-0: Called Strike
0-1: SINGLE (Line Drive, 4D)
Batting: RHB Dale Taylor 0-0: SINGLE (Groundball, 6MD)
Ramón Ruíz to second
Batting: RHB Chang-geun Kim 0-0: Ball
1-0: Ground out 5-3 (Groundball, 56S)
Bottom of the 1st over - 0 run(s), 2 hit(s), 0 error(s), 2 left on base; Vancouver 0 - San Jose 0
TOP OF THE 2ND
Vancouver Vipers batting - Pitching for San Jose Missions : RHP José Reyes
Batting: RHB Salvador Medine 0-0: Ball
1-0: Called Strike
1-1: SINGLE (Line Drive, 9LS)
Batting: RHB Daniel Robert 0-0: Fly out, F8 (Flyball, 8LM)
Batting: SHB Henry Copeland 0-0: Ball
1-0: Swinging Strike
1-1: Called Strike
1-2: Strikes out swinging
Batting: LHB Mike Williams 0-0: Ball
Salvador Medine is caught stealing 2nd base
Top of the 2nd over - 0 run(s), 1 hit(s), 0 error(s), 0 left on base; Vancouver 0 - San Jose 0
BOTTOM OF THE 2ND
San Jose Missions batting - Pitching for Vancouver Vipers : RHP Javier Toledo
Batting: RHB Andrew Benson 0-0: Ball
1-0: Called Strike
1-1: Foul Ball, location: 2F
1-2: Foul Ball, location: 2F
1-2: Ground out 1-3 (Groundball, 13S)
Batting: RHB Irwin Duncan 0-0: Ball
1-0: Swinging Strike
1-1: Foul Ball, location: 2F
1-2: Fly out, F7 (Flyball, 7M)
Batting: LHB Raúl García 0-0: Foul Ball, location: 2F
0-1: Swinging Strike
0-2: Strikes out looking
Bottom of the 2nd over - 0 run(s), 0 hit(s), 0 error(s), 0 left on base; Vancouver 0 - San Jose 0
TOP OF THE 3RD
Vancouver Vipers batting - Pitching for San Jose Missions : RHP José Reyes
Batting: LHB Mike Williams 0-0: Ball
1-0: Ball
2-0: Foul Ball, location: 2F
2-1: SINGLE (Groundball, 56)
Batting: RHB Bill Little 0-0: Ball
1-0: Called Strike
1-1: Ball
2-1: Ball
3-1: Base on Balls
Mike Williams to second
Batting: RHB Oscar Rudd 0-0: Ball
1-0: Ball
2-0: Called Strike
2-1: Called Strike
2-2: Foul Ball, location: 2F
2-2: Foul Ball, location: 2F
2-2: Ball
3-2: Foul Ball, location: 2F
3-2: Foul Ball, location: 2F
3-2: Foul Ball, location: 2F
3-2: Grounds into double play, 6-4-3 (Groundball, 6)
Mike Williams to third
Batting: RHB Lorenzo González 0-0: Foul Ball, location: 2F
0-1: Ball
Passed Ball!
Mike Williams scores
1-1: Ball
2-1: Foul Ball, location: 2F
2-2: Fly out, F9 (Flyball, 9LS)
Top of the 3rd over - 1 run(s), 1 hit(s), 0 error(s), 0 left on base; Vancouver 1 - San Jose 0
BOTTOM OF THE 3RD
San Jose Missions batting - Pitching for Vancouver Vipers : RHP Javier Toledo
Batting: RHB Dale O'Feennaghty 0-0: Ground out 6-3 (Groundball, 6)
Batting: LHB Mel Jones 0-0: Foul Ball, location: 2F
0-1: Ball
1-1: Ball
2-1: SINGLE (Line Drive, 6D)
Batting: RHB Jorge Díaz 0-0: Ball
1-0: Called Strike
1-1: Swinging Strike
Passed Ball!
Mel Jones to second
1-2: Foul Ball, location: 2F
1-2: Strikes out looking
Batting: RHB Ramón Ruíz 0-0: Swinging Strike
0-1: Ball
1-1: Ball
2-1: Foul Ball, location: 2F
2-2: Ball
3-2: Ground out U3 (Groundball, 3S)
Bottom of the 3rd over - 0 run(s), 1 hit(s), 0 error(s), 1 left on base; Vancouver 1 - San Jose 0
TOP OF THE 4TH
Vancouver Vipers batting - Pitching for San Jose Missions : RHP José Reyes
Batting: LHB Jeff Carter 0-0: Ball
1-0: Fly out, F7 (Flyball, 7S)
Batting: RHB Sergio Pujols 0-0: Called Strike
0-1: Ball
1-1: Ball
2-1: Foul Ball, location: 2F
2-2: Ball
3-2: Foul Ball, location: 2F
3-2: Base on Balls
Batting: RHB Salvador Medine 0-0: Called Strike
0-1: Ball
1-1: Ball
2-1: Ball
3-1: SINGLE (Groundball, 34)
Sergio Pujols to second
Runner from 2nd tries for 3rd, SAFE, throw made to third
Batting: RHB Daniel Robert 0-0: Fly out, F9 (Flyball, 9LM)
Runner from 3rd tags up, SCORES, no throw
Batting: SHB Henry Copeland 0-0: Called Strike
0-1: Ball
1-1: Ball
2-1: Foul Ball, location: 2F
2-2: Ball
3-2: Foul Ball, location: 2F
3-2: Foul Ball, location: 2F
3-2: Base on Balls
Salvador Medine to second
Batting: LHB Mike Williams 0-0: Called Strike
0-1: Called Strike
0-2: Ball
1-2: Foul Ball, location: 2F
1-2: Ball
2-2: Foul Ball, location: 2F
2-2: Strikes out swinging
Top of the 4th over - 1 run(s), 1 hit(s), 0 error(s), 2 left on base; Vancouver 2 - San Jose 0
BOTTOM OF THE 4TH
San Jose Missions batting - Pitching for Vancouver Vipers : RHP Javier Toledo
Batting: RHB Dale Taylor 0-0: Called Strike
0-1: DOUBLE (Line Drive, 89D)
Batting: RHB Chang-geun Kim 0-0: Ball
1-0: Called Strike
1-1: Ball
2-1: Ground out 6-3 (Groundball, 6M)
Dale Taylor to third
Batting: RHB Andrew Benson 0-0: Ball
1-0: Called Strike
1-1: Called Strike
1-2: Ground out 4-3 (Groundball, 4)
Dale Taylor scores
Batting: RHB Irwin Duncan 0-0: Swinging Strike
0-1: Called Strike
0-2: Ground out 4-3 (Groundball, 4)
Bottom of the 4th over - 1 run(s), 1 hit(s), 0 error(s), 0 left on base; Vancouver 2 - San Jose 1
TOP OF THE 5TH
Vancouver Vipers batting - Pitching for San Jose Missions : RHP José Reyes
Batting: RHB Bill Little 0-0: Ball
1-0: Foul Ball, location: 2F
1-1: Ball
2-1: Called Strike
2-2: Fly out, F9 (Flyball, 9LMF)
Batting: RHB Oscar Rudd 0-0: Called Strike
0-1: Ball
1-1: Foul Ball, location: 2F
1-2: SINGLE (Line Drive, 4MD)
Batting: RHB Lorenzo González 0-0: Ball
1-0: Ground out 5-3 (Groundball, 5)
Oscar Rudd to second
Batting: LHB Jeff Carter 0-0: Ball
1-0: Ball
2-0: Ball
3-0: Base on Balls
Batting: RHB Sergio Pujols 0-0: Foul Ball, location: 2F
0-1: Ground out 6-3 (Groundball, 6)
Top of the 5th over - 0 run(s), 1 hit(s), 0 error(s), 2 left on base; Vancouver 2 - San Jose 1
BOTTOM OF THE 5TH
San Jose Missions batting - Pitching for Vancouver Vipers : RHP Javier Toledo
Batting: LHB Raúl García 0-0: Called Strike
0-1: Ball
1-1: Called Strike
1-2: Ground out 4-3 (Groundball, 4)
Batting: RHB Dale O'Feennaghty 0-0: Ball
1-0: Ball
2-0: Called Strike
2-1: Swinging Strike
2-2: Fly out, F4 (Popup, 15)
Batting: LHB Mel Jones 0-0: SINGLE (Flyball, 7S)
Batting: RHB Jorge Díaz 0-0: Ball
1-0: 2-RUN HOME RUN (Flyball, 7D), Distance : 369 ft
Batting: RHB Ramón Ruíz 0-0: Ball
1-0: Ground out 6-3 (Groundball, 6)
Bottom of the 5th over - 2 run(s), 2 hit(s), 0 error(s), 0 left on base; Vancouver 2 - San Jose 3
TOP OF THE 6TH
Vancouver Vipers batting - Pitching for San Jose Missions : RHP José Reyes
Pitching: RHP Larry West
Batting: RHB Salvador Medine 0-0: Ball
1-0: SINGLE (Groundball, 56D) (infield hit)
Batting: RHB Daniel Robert 0-0: Ball
1-0: Ball
2-0: Foul Ball, location: 2F
2-1: Foul Ball, location: 2F
2-2: Foul Ball, location: 2F
2-2: Strikes out swinging
Batting: SHB Henry Copeland 0-0: Ball
1-0: Called Strike
1-1: Foul Ball, location: 2F
1-2: Grounds into double play, 6-4-3 (Groundball, 6)
Top of the 6th over - 0 run(s), 1 hit(s), 0 error(s), 0 left on base; Vancouver 2 - San Jose 3
BOTTOM OF THE 6TH
San Jose Missions batting - Pitching for Vancouver Vipers : RHP Javier Toledo
Batting: RHB Dale Taylor 0-0: Ball
1-0: Fly out, F6 (Popup, 5D)
Batting: RHB Chang-geun Kim 0-0: Called Strike
0-1: Ball
1-1: Ball
2-1: Swinging Strike
2-2: Strikes out swinging
Batting: RHB Andrew Benson 0-0: Ball
1-0: Foul Ball, location: 2F
1-1: Fly out, F8 (Line Drive, 8LD)
Bottom of the 6th over - 0 run(s), 0 hit(s), 0 error(s), 0 left on base; Vancouver 2 - San Jose 3
TOP OF THE 7TH
Vancouver Vipers batting - Pitching for San Jose Missions : RHP Larry West
Batting: LHB Mike Williams 0-0: Fly out, F6 (Line Drive, 6M)
Batting: RHB Bill Little 0-0: Ball
1-0: Called Strike
1-1: Ground out 6-3 (Groundball, 6)
Batting: RHB Oscar Rudd 0-0: Ball
1-0: Ball
2-0: Ball
3-0: Called Strike
3-1: Ground out 6-3 (Groundball, 6)
Top of the 7th over - 0 run(s), 0 hit(s), 0 error(s), 0 left on base; Vancouver 2 - San Jose 3
BOTTOM OF THE 7TH
San Jose Missions batting - Pitching for Vancouver Vipers : RHP Javier Toledo
Batting: RHB Irwin Duncan 0-0: Foul Ball, location: 2F
0-1: Called Strike
0-2: Ball
1-2: SINGLE (Line Drive, 4D)
Pinch Hitting: LHB Miguel Montés 0-0: Bunted foul
0-1: Bunted foul
0-2: Fly out, F8 (Flyball, 8LXD)
Batting: RHB Dale O'Feennaghty 0-0: Fly out, F8 (Popup, 8LS)
Batting: LHB Mel Jones 0-0: Ground out U3 (Groundball, 3L)
Bottom of the 7th over - 0 run(s), 1 hit(s), 0 error(s), 1 left on base; Vancouver 2 - San Jose 3
TOP OF THE 8TH
Vancouver Vipers batting - Pitching for San Jose Missions : RHP Larry West
Now at C: Elliott Rucker
Now at 3B: Bobby Brewster
Batting: RHB Lorenzo González 0-0: Ball
1-0: Ground out 4-3 (Groundball, 4)
Batting: LHB Jeff Carter 0-0: Ball
1-0: Called Strike
1-1: Ball
2-1: Ball
3-1: Called Strike
3-2: Foul Ball, location: 2F
3-2: Foul Ball, location: 2F
3-2: Foul Ball, location: 2F
3-2: Base on Balls
Pinch Runner at 1st Malcolm Thomas:
Batting: RHB Sergio Pujols 0-0: Swinging Strike
0-1: Ball
1-1: Ball
2-1: Swinging Strike
2-2: Fly out, F9 (Line Drive, 9S)
Pinch Hitting: LHB Larry Howard 0-0: Ball
1-0: Ball
2-0: Ball
3-0: Base on Balls
Malcolm Thomas to second
Pinch Hitting: LHB Tanyu Imai 0-0: Ball
1-0: Foul Ball, location: 2F
1-1: Ball
2-1: Called Strike
2-2: Foul Ball, location: 2F
2-2: Ball
3-2: Base on Balls
Malcolm Thomas to third
Larry Howard to second
Batting: SHB Henry Copeland 0-0: Ball
1-0: Ball
2-0: SINGLE (Groundball, 34D)
Malcolm Thomas scores
Larry Howard to third
Tanyu Imai to second
Runner from 3rd tries for Home, SAFE, no throw or cutoff
Batting: LHB Mike Williams 0-0: Called Strike
0-1: Foul Ball, location: 2F
0-2: Ball
1-2: Foul Ball, location: 2F
1-2: DOUBLE (Line Drive, 7LD)
Tanyu Imai scores
Henry Copeland to third
Runner from 3rd tries for Home, SAFE, throw made home
Batting: RHB Bill Little 0-0: Ball
1-0: Ball
2-0: Called Strike
2-1: Ball
3-1: Base on Balls
Pitching: RHP Jorge Comacho
Batting: RHB Oscar Rudd 0-0: Called Strike
0-1: DOUBLE (Line Drive, 89M)
Mike Williams scores
Bill Little to third
Runner from 3rd tries for Home, SAFE, throw made home
Batting: RHB Lorenzo González 0-0: Ball
1-0: SINGLE (Groundball, 34D)
Oscar Rudd to third
Runner from 3rd tries for Home, SAFE, no throw or cutoff
Batting: LHB Malcolm Thomas 0-0: Called Strike
0-1: Swinging Strike
0-2: Fly out, F8 (Flyball, 8RM)
Top of the 8th over - 7 run(s), 4 hit(s), 0 error(s), 1 left on base; Vancouver 9 - San Jose 3
BOTTOM OF THE 8TH
San Jose Missions batting - Pitching for Vancouver Vipers : RHP Javier Toledo
Now at 2B: Axel Guimont
Now at 3B: Alfredo Hernández
Now at SS: Dave Gray
Now in LF: Malcolm Thomas
Batting: RHB Jorge Díaz 0-0: Called Strike
0-1: Ball
1-1: Ball
2-1: DOUBLE (Groundball, 5L)
Batting: RHB Ramón Ruíz 0-0: Ball
1-0: Swinging Strike
1-1: Ball
2-1: Foul Ball, location: 2F
2-2: Fly out, F3 (Popup, 3SF)
Batting: RHB Dale Taylor 0-0: Ground out 5-3 (Groundball, 56)
Batting: RHB Chang-geun Kim 0-0: Called Strike
0-1: SINGLE (Line Drive, 34)
Jorge Díaz to third
Runner from 3rd tries for Home, SAFE, throw made home
Chang-geun Kim to second
Batting: RHB Andrew Benson 0-0: Ball
1-0: Ball
2-0: Called Strike
2-1: Ball
3-1: Foul Ball, location: 2F
3-2: Base on Balls
Pitching: RHP Don Barnes
Batting: RHB Irwin Duncan 0-0: Called Strike
0-1: SINGLE (Groundball, 6)
Chang-geun Kim to third
Andrew Benson to second
Runner from 3rd tries for Home, SAFE, no throw or cutoff
Pitching: RHP Sang-joon Pak
Batting: RHB Bobby Brewster 0-0: Ball
1-0: Ball
2-0: Swinging Strike
2-1: Foul Ball, location: 2F
2-2: Strikes out swinging
Bottom of the 8th over - 2 run(s), 3 hit(s), 0 error(s), 2 left on base; Vancouver 9 - San Jose 5
TOP OF THE 9TH
Vancouver Vipers batting - Pitching for San Jose Missions : RHP Jorge Comacho
Now at SS: Goro Tanabe
Batting: RHB Sergio Pujols 0-0: Ball
1-0: Foul Ball, location: 2F
1-1: Ball
2-1: Swinging Strike
2-2: Foul Ball, location: 2F
2-2: DOUBLE (Line Drive, 89S)
Batting: RHB Axel Guimont 0-0: Called Strike
0-1: Called Strike
0-2: Ball
1-2: Strikes out swinging
Batting: LHB Dave Gray 0-0: Foul Ball, location: 2F
0-1: Ball
1-1: Foul Ball, location: 2F
1-2: SINGLE (Groundball, 34D)
Sergio Pujols to third
Runner from 3rd tries for Home, SAFE, no throw or cutoff
Batting: SHB Henry Copeland 0-0: Called Strike
0-1: Swinging Strike
0-2: Ball
1-2: Ball
2-2: Strikes out swinging
Batting: LHB Mike Williams 0-0: Foul Ball, location: 2F
0-1: Ball
1-1: TRIPLE (Flyball, 8RM)
Dave Gray scores
Pitching: RHP Kyle Williams
Batting: RHB Bill Little 0-0: Called Strike
0-1: Called Strike
0-2: Foul Ball, location: 2F
0-2: Ball
1-2: Ball
Balk!
Mike Williams scores
2-2: Ground out 6-3 (Groundball, 6M)
Top of the 9th over - 3 run(s), 3 hit(s), 0 error(s), 0 left on base; Vancouver 12 - San Jose 5
BOTTOM OF THE 9TH
San Jose Missions batting - Pitching for Vancouver Vipers : RHP Sang-joon Pak
Now at 1B: Luis Sáenz
Batting: RHB Elliott Rucker 0-0: Swinging Strike
0-1: Ball
1-1: Foul Ball, location: 2F
1-2: Foul Ball, location: 2F
1-2: Ball
2-2: Ground out 4-3 (Groundball, 4M)
Batting: LHB Mel Jones 0-0: Called Strike
0-1: Ball
1-1: Ball
2-1: Called Strike
2-2: Ball
3-2: Foul Ball, location: 2F
3-2: Fly out, F7 (Flyball, 7M)
Batting: RHB Goro Tanabe 0-0: Called Strike
0-1: Called Strike
0-2: Strikes out swinging
Bottom of the 9th over - 0 run(s), 0 hit(s), 0 error(s), 0 left on base; Vancouver 12 - San Jose 5
Monday, December 5th, 2016 - OOTP Baseball 17.12 Build 75